 Dungeon Crawl Stone Soup version 0.17-a0-946-g1856e96 (webtiles) character file.

8426 FedoraBrony69 the Thaumaturge (level 11, 14/60 HPs)
             Began as a Deep Elf Conjurer on May 6, 2015.
             Was a High Priest of Vehumet.
             Quit the game on level 11 of the Dungeon.
             The game lasted 00:43:27 (12441 turns).

FedoraBrony69 the Thaumaturge (Deep Elf Conjurer)  Turns: 12441, Time: 00:43:27

Health: 14/60      AC: 11    Str:  4 (5)  XL:     11   Next: 9%
Magic:  2/29       EV: 15    Int: 23 (24) God:    Vehumet [*****.]
Gold:   707        SH:  0    Dex: 15      Spells: 4 memorised, 19 levels left

rFire  + + .     SeeInvis .     m - +3 trident (protect)
rCold  x . .     Clarity  .     u - +2 robe {rF+}
rNeg   . . .     SustAb   .     (no shield)
rPois  .         Gourm    .     i - +0 helmet
rElec  .         Spirit   .     B - +0 cloak
rCorr  .         Warding  .     (no gloves)
rMut   .         Stasis   .     (no boots)
MR     +....                    z - amulet of inaccuracy (curse)
Stlth  +.........               D - ring of loudness (curse)
                                d - ring of fire

@: somewhat resistant to hostile enchantments, very unstealthy
A: blurry vision 1
a: Renounce Religion


You were on level 11 of the Dungeon.
You worshipped Vehumet.
Vehumet was extremely pleased with you.
You were hungry.

You visited 2 branches of the dungeon, and saw 12 of its levels.
You also visited: Ossuary.

You collected 707 gold pieces.

Inventory:

Hand weapons
 m - a +3 trident of protection (weapon)
Armour
 i - a +0 helmet (worn)
 u - a +2 robe of fire resistance (worn)
 B - a +0 cloak (worn)
 N - a +0 buckler
Magical staves
 H - an uncursed staff of conjuration
Jewellery
 d - a ring of fire (left hand)
 k - an uncursed ring of invisibility
 y - an uncursed amulet of rage
 z - a cursed amulet of inaccuracy (around neck)
 D - a cursed ring of loudness (right hand)
 G - a cursed -2 ring of evasion {unknown}
Magical devices
 w - a wand of paralysis (15)
 x - a wand of magic darts (26)
 E - a wand of magic darts (16)
 F - a wand of cold (0)
 I - a wand of teleportation (6)
 J - a wand of lightning (0)
Scrolls
 a - 6 scrolls of identify
 e - a scroll of torment
 g - 4 scrolls of fog
 h - 4 scrolls of blinking
 j - 7 scrolls of fear
 l - a scroll of enchant weapon
 n - 2 scrolls of teleportation
 r - 5 scrolls of recharging
 v - 4 scrolls of magic mapping
Potions
 o - 2 potions of agility
 p - a potion of magic
 C - 2 potions of brilliance
 P - a potion of heal wounds
Books
 b - a book of Conjurations

   Spells                             Type                      Level
   a - Magic Dart                     Conjuration                  1
   b - Searing Ray                    Conjuration                  2
   c - Dazzling Spray                 Conjuration/Hexes            3
   d - Fulminant Prism                Conjuration/Hexes            4
   e - Iskenderun's Mystic Blast      Conjuration                  4
   f - Iskenderun's Battlesphere      Conjuration/Charms           5
 q - the Papyrus of Torrid Conjuration
   (You acquired it on level 7 of the Dungeon)

   Spells                             Type                      Level
   a - Throw Flame                    Conjuration/Fire             2
   b - Conjure Flame                  Conjuration/Fire             3
   c - Dazzling Spray                 Conjuration/Hexes            3
   d - Bolt of Draining               Conjuration/Necromancy       5
   e - Orb of Destruction             Conjuration                  7
 s - the Catalogue of Battle Magic
   (You acquired it on level 8 of the Dungeon)

   Spells                             Type                      Level
   a - Flame Tongue                   Conjuration/Fire             1
   b - Throw Frost                    Conjuration/Ice              2
   c - Iskenderun's Battlesphere      Conjuration/Charms           5
   d - Poisonous Cloud                Conjuration/Poison/Air       6
   e - Freezing Cloud                 Conjuration/Ice/Air          6
Comestibles
 c - 10 bread rations
 f - 2 slices of pizza
 t - 8 fruits
 A - a meat ration
 L - 6 beef jerkies


   Skills:
 + Level 3.1 Fighting
 + Level 5.4 Dodging
 - Level 2.4 Stealth
 + Level 2.0 Shields
 + Level 12.0 Spellcasting
 + Level 11.1 Conjurations
 - Level 10.0 Charms
 * Level 6.1 Fire Magic


You had 19 spell levels left.
You knew the following spells:

 Your Spells              Type           Power        Failure   Level  Hunger
a - Magic Dart            Conj           ####         1%          1    None
b - Iskenderun's Battles  Conj/Chrm      ######..     1%          5    ####...
c - Iskenderun's Mystic   Conj           ######..     1%          4    None
d - Fireball              Conj/Fire      ######....   1%          5    ####...


Dungeon Overview and Level Annotations

Branches:
Dungeon (11/15)            Temple (1/1) D:4             Orc (0/4) D:10
   Lair: D:8-11

Altars:
Ashenzari
Cheibriados
Dithmenos
Elyvilon
Fedhas
Gozag
Kikubaaqudgha
Makhleb
Nemelex Xobeh
Okawaru
Qazlal
Ru
Sif Muna
Trog
Vehumet
Xom
Yredelemnul
Zin
The Shining One

Annotations:
D:11 FrankMcFuzz's ghost, powerful NaGl


Innate Abilities, Weirdness & Mutations

Scrolls take you a little longer to read.


Message History

FrankMcFuzz's ghost closely misses you.
You completely miss FrankMcFuzz's ghost.
FrankMcFuzz's ghost is heavily damaged.
FrankMcFuzz's ghost hits you! FrankMcFuzz's ghost hits you.
You miss FrankMcFuzz's ghost.
FrankMcFuzz's ghost is heavily damaged.
FrankMcFuzz's ghost hits you.
You closely miss FrankMcFuzz's ghost.
FrankMcFuzz's ghost is heavily damaged.
FrankMcFuzz's ghost completely misses you.
You miss FrankMcFuzz's ghost.
FrankMcFuzz's ghost is heavily damaged.
FrankMcFuzz's ghost hits you but does no damage.
FrankMcFuzz's ghost hits you!
* * * LOW HITPOINT WARNING * * *
You are too injured to fight recklessly!
You are too injured to fight recklessly!
You are too injured to fight recklessly!
You are too injured to fight recklessly!
Are you sure you want to abandon this character and quit the game? (Confirm with "yes".)

#.# #.# #.# #.#
#.# #.# #.#
##########W###.#
.......<..@..*.#
.#########........
#########


You could see FrankMcFuzz's ghost.

Vanquished Creatures
  Joseph (D:8)
  A gargoyle (D:10)
  Grinder (D:6)
  Prince Ribbit (D:7)
  3 two-headed ogres
  Sigmund (D:4)
  A hungry ghost (D:9)
  A deep elf mage (D:9)
  3 hippogriffs
  Grum (D:8)
  A steam dragon (D:9)
  2 water moccasins
  Menkaure (D:7)
  3 wolves (D:8)
  Edmund (D:6)
  4 orc warriors (D:10)
  4 black bears
  2 sky beasts
  2 phantoms
  An ice beast (D:5)
  6 ogres
  2 necrophages
  A crocodile (D:8)
  A wasp (D:7)
  2 elf zombies (Ossuary)
  Blork the orc (D:4)
  6 giant frogs
  A big kobold (D:10)
  A gnoll sergeant (D:9)
  2 scorpions
  3 killer bees (D:10)
  3 wights (D:9)
  4 crimson imps
  A jelly (D:5)
  2 centaur zombies (Ossuary)
  A human zombie (Ossuary)
  15 orc wizards
  A centaur skeleton (D:6)
  10 orc priests
  7 worker ants
  3 hounds
  A quasit (D:10)
  A killer bee zombie (D:9)
  2 big kobold zombies (Ossuary)
  3 mummies
  9 gnolls
  11 adders
  2 shadow imps
  An ooze (D:2)
  7 worms
  4 giant geckos
  54 orcs
  A bat zombie (D:6)
  7 giant cockroaches
  16 hobgoblins
  18 jackals
  5 quokkas
  4 ball pythons
  12 bats
  10 giant newts
  9 goblins
  A goblin zombie (Ossuary)
  7 hobgoblin zombies (Ossuary)
  2 jackal zombies (Ossuary)
  14 kobolds
  10 kobold zombies (Ossuary)
  9 orc zombies (Ossuary)
  22 rats
  A rat zombie (Ossuary)
  7 ballistomycetes (D:8)
358 creatures vanquished.

Vanquished Creatures (others)
  A giant spore (D:8)
  A ballistomycete (D:8)
2 creatures vanquished.

Grand Total: 360 creatures vanquished

Notes
Turn   | Place    | Note
--------------------------------------------------------------
     0 | D:1      | FedoraBrony69, the Deep Elf Conjurer, began the quest for the Orb.
     0 | D:1      | Reached XP level 1. HP: 10/10 MP: 6/6
   182 | D:1      | Reached XP level 2. HP: 15/15 MP: 0/8
   379 | D:1      | Reached skill level 5 in Conjurations
   728 | D:2      | Reached XP level 3. HP: 19/19 MP: 6/9
  1132 | D:2      | Found a burning altar of Makhleb.
  1136 | D:2      | Reached XP level 4. HP: 18/24 MP: 7/12
  1184 | D:2      | Reached skill level 6 in Conjurations
  1624 | D:3      | Reached XP level 5. HP: 28/28 MP: 7/14
  1728 | D:3      | Reached skill level 5 in Spellcasting
  2044 | D:3      | Reached skill level 7 in Conjurations
  2044 | D:3      | Reached XP level 6. HP: 28/32 MP: 10/16
  2579 | D:4      | Found a staircase to the Ecumenical Temple.
  2592 | D:3      | Learned a level 5 spell: Iskenderun's Battlesphere
  2597 | D:3      | Learned a level 4 spell: Iskenderun's Mystic Blast
  3029 | Temple   | Entered the Ecumenical Temple
  3125 | Temple   | Became a worshipper of Vehumet
  3493 | D:4      | Reached XP level 7. HP: 36/36 MP: 14/18
  3497 | D:4      | Noticed Sigmund
  3608 | D:4      | Killed Sigmund
  3875 | D:4      | Noticed Blork the orc
  3879 | D:4      | Reached skill level 5 in Charms
  3881 | D:4      | Killed Blork the orc
  4166 | D:4      | Found a shadowy altar of Dithmenos.
  4243 | D:5      | Entered Level 5 of the Dungeon
  4290 | D:5      | Found a sand-covered staircase.
  4295 | D:5      | Reached skill level 8 in Conjurations
  4318 | Ossuary  | Entered an ossuary
  4326 | Ossuary  | Acquired Vehumet's first power
  4326 | Ossuary  | Offered knowledge of Freeze by Vehumet.
  4680 | Ossuary  | Reached XP level 8. HP: 36/41 MP: 8/21
  5106 | D:5      | Offered knowledge of Sandblast by Vehumet.
  5766 | D:5      | Found a staircase to the Ecumenical Temple.
  5818 | D:5      | Noticed a moth of wrath
  5822 | D:5      | Found a bloodstained altar of Trog.
  6242 | D:6      | Reached skill level 9 in Charms
  6293 | D:6      | Offered knowledge of Inner Flame by Vehumet.
  6644 | D:6      | Noticed Grinder
  6648 | D:6      | Acquired Vehumet's second power
  6652 | D:6      | Killed Grinder
  6652 | D:6      | Reached XP level 9. HP: 36/45 MP: 11/24
  7005 | D:6      | Offered knowledge of Conjure Flame by Vehumet.
  7146 | D:6      | Gained mutation: Your body sometimes deteriorates upon taking damage. [mutagenic meat]
  7147 | D:6      | Gained mutation: Your body often deteriorates upon taking damage. [mutagenic meat]
  7148 | D:6      | Gained mutation: Your system is resistant to poisons. [mutagenic meat]
  7149 | D:6      | Gained mutation: You are partially covered in iridescent scales (AC +4). [mutagenic meat]
  7150 | D:6      | Gained mutation: Scrolls take you a little longer to read. [mutagenic meat]
  7219 | D:6      | Noticed Edmund
  7223 | D:6      | Killed Edmund
  7468 | D:6      | Reached skill level 10 in Spellcasting
  8021 | D:7      | Noticed Menkaure
  8023 | D:7      | Killed Menkaure
  8041 | D:7      | Noticed Prince Ribbit
  8045 | D:7      | Killed Prince Ribbit
  8045 | D:7      | Acquired Vehumet's third power
  8111 | D:7      | Offered knowledge of Fireball by Vehumet.
  8111 | D:7      | Reached skill level 10 in Conjurations
  8224 | D:7      | Reached skill level 10 in Charms
  8231 | D:7      | Learned a level 5 spell: Fireball
  8852 | D:7      | Identified a scroll of acquirement
  8885 | D:7      | Identified the Papyrus of Torrid Conjuration (You acquired it on level 7 of the Dungeon)
  8933 | D:8      | Reached skill level 11 in Spellcasting
  8933 | D:8      | Reached skill level 1 in Fire Magic
  8968 | D:8      | Reached skill level 1 in Fighting
  8971 | D:8      | Reached XP level 10. HP: 48/52 MP: 2/27
  8978 | D:8      | Noticed Grum
  9156 | D:8      | Noticed Joseph
  9173 | D:8      | Killed Joseph
  9675 | D:8      | Killed Grum
 10227 | D:9      | Offered knowledge of Sticky Flame by Vehumet.
 10447 | D:8      | Identified the Catalogue of Battle Magic (You acquired it on level 8 of the Dungeon)
 10569 | D:9      | Reached skill level 1 in Shields
 10569 | D:9      | Reached skill level 5 in Fire Magic
 11026 | D:10     | Entered Level 10 of the Dungeon
 11387 | D:10     | Reached skill level 5 in Dodging
 11608 | D:10     | Reached XP level 11. HP: 60/60 MP: 15/28
 11860 | D:9      | Reached skill level 12 in Spellcasting
 12106 | D:10     | Found a staircase to the Orcish Mines.
 12235 | D:10     | Lost mutation: Your body often deteriorates upon taking damage. [potion of cure mutation]
 12235 | D:10     | Lost mutation: Your body sometimes deteriorates upon taking damage. [potion of cure mutation]
 12235 | D:10     | Lost mutation: You are partially covered in iridescent scales (AC +4). [potion of cure mutation]
 12235 | D:10     | Lost mutation: Your system is resistant to poisons. [potion of cure mutation]
 12424 | D:11     | Noticed FrankMcFuzz's ghost (powerful NaGl)
 12441 | D:11     | Quit the game

Action                   |  1- 3 |  4- 6 |  7- 9 | 10-12 || total
-------------------------+-------+-------+-------+-------++-------
Melee: Whip              |     5 |       |       |       ||     5
       Trident           |       |     2 |    59 |    70 ||   131
       Staff             |       |       |       |     5 ||     5
 Cast: Magic Dart        |    82 |   109 |   348 |    77 ||   616
       Iskenderun's Myst |       |    10 |    43 |   109 ||   162
       Iskenderun's Batt |       |       |    20 |    15 ||    35
Evoke: Wand              |       |       |       |     8 ||     8
  Use: Scroll            |       |       |    12 |     4 ||    16
       Potion            |       |       |     8 |     2 ||    10
  Eat: Chunk             |       |     9 |    26 |    12 ||    47
       Fruit             |       |       |     1 |       ||     1
       Pizza             |       |       |     1 |       ||     1
